 Dungeon Crawl Stone Soup version 0.22-a0-110-g5b255cf (webtiles) character file.

393486 TheGoonsmith the Bludgeoner (level 23, 0/126 HPs)
             Began as a Vine Stalker Fighter on Jan 25, 2018.
             Was the Champion of Okawaru.
             Slain by a tentacled monstrosity (7 damage)
             ... on level 3 of the Depths on Jan 27, 2018.
             The game lasted 01:50:02 (37764 turns).

TheGoonsmith the Bludgeoner (Vine Stalker Fighter) Turns: 37764, Time: 01:50:03

Health: 0/126      AC: 38    Str: 30    XL:     23   Next: 15%
Magic:  0/33       EV: 16    Int: 13    God:    Okawaru [******]
Gold:   477        SH: 20    Dex: 18    Spells: 28/30 levels left

rFire    + + .     SeeInvis .   A - +9 demon whip (venom)
rCold    + . .     Gourm    .   c - +5 shield
rNeg     . . .     Faith    +   O - +8 chain mail of the Catamount {rPois rF+}
rPois    +         Spirit   +   U - +0 helmet of Ystueseu {rC+ Str+5}
rElec    .         Reflect  .   T - +2 cloak
rCorr    .         Harm     .   K - +2 pair of gloves "Areolyd" {MR++}
MR       ++++.                  B - +2 pair of boots
Stlth    ..........             R - amulet of Linearity {Faith rF+ Int+5 Slay+6}
HPRegen  1.11/turn              I - +3 ring of slaying
MPRegen  0.23/turn              H - +5 ring of protection

@: slowed, constricted, very slow
A: fangs 3, blurry vision 1, regeneration 2, magic shield, antimagic bite, no
potion heal 3, rot immunity, MP-powered wands
}: 2/15 runes: decaying, serpentine
a: Heroism, Finesse, Renounce Religion


You were on level 3 of the Depths.
You worshipped Okawaru.
Okawaru was exalted by your worship.
You were very hungry.

You visited 8 branches of the dungeon, and saw 39 of its levels.
You visited 1 bazaar.
You also visited: Labyrinth and Ice Cave.

You collected 4382 gold pieces.
You spent 3905 gold pieces at shops.

Inventory:

Hand Weapons
 k - a +6 quick blade
 A - a +9 demon whip of venom (weapon)
Missiles
 P - 6 throwing nets (quivered)
Armour
 c - a +5 shield (worn)
 o - the +0 pair of boots of the Oligarchy {Dex+3 SInv}
   (Okawaru gifted it to you on level 2 of the Depths)

   It affects your dexterity (+3).
   It lets you see invisible.
 B - a +2 pair of boots (worn)
 K - the +2 pair of gloves "Areolyd" (worn) {MR++}
   (You found it on level 5 of the Lair of Beasts)

   It affects your resistance to hostile enchantments.
 O - the +8 chain mail of the Catamount (worn) {rPois rF+}
   (You found it on level 4 of the Swamp)

   It protects you from fire.
   It protects you from poison.
 T - a +2 cloak (worn)
 U - the +0 helmet of Ystueseu (worn) {rC+ Str+5}
   (You bought it in a shop on level 6 of the Dungeon)

   It affects your strength (+5).
   It protects you from cold.
Jewellery
 l - an uncursed ring of resist corrosion
 H - a +5 ring of protection (right hand)
 I - a +3 ring of slaying (left hand)
 R - the amulet of Linearity (around neck) {Faith rF+ Int+5 Slay+6}
   (You bought it in a shop on level 6 of the Dungeon)

   [amulet of faith]

   It allows you to gain divine favour quickly.
   It affects your intelligence (+5).
   It affects your accuracy and damage with ranged weapons and melee attacks
   (+6).
   It protects you from fire.
Wands
 h - a wand of iceblast (4)
 j - a wand of disintegration (40)
 m - a wand of digging (60)
 p - a wand of acid (3)
 C - a wand of enslavement (89)
 D - a wand of polymorph (19)
 M - a wand of scattershot (7)
 N - a wand of clouds (5)
 Z - a wand of paralysis (44)
Scrolls
 a - a scroll of immolation
 e - 17 scrolls of teleportation
 g - 8 scrolls of blinking
 r - 8 scrolls of identify
 s - 12 scrolls of remove curse
 v - 4 scrolls of fog
 F - a scroll of magic mapping
 Q - 2 scrolls of fear
 S - a scroll of summoning
 W - 3 scrolls of amnesia
Potions
 b - 4 potions of invisibility
 d - 7 potions of might
 i - 6 potions of resistance
 n - 6 potions of agility
 q - 10 potions of curing
 t - 4 potions of haste
 u - 5 potions of berserk rage
 x - 6 potions of flight
 E - 4 potions of ambrosia
 J - 4 potions of cancellation
Books
 y - a book of Conjurations

   Spells                             Type                      Level
   a - Magic Dart                     Conjuration                  1
   b - Searing Ray                    Conjuration                  2
   c - Dazzling Spray                 Conjuration/Hexes            3
   d - Fulminant Prism                Conjuration/Hexes            4
   e - Force Lance                    Conjuration/Translocation    4
   f - Iskenderun's Mystic Blast      Conjuration                  4
Miscellaneous
 L - 2 boxes of beasts
 V - a lamp of fire
Comestibles
 f - 59 rations


   Skills:
 - Level 15.0 Fighting
 + Level 5.2 Short Blades
 - Level 16.0 Maces & Flails
 - Level 14.0 Armour
 - Level 14.0 Dodging
 - Level 15.0 Shields
 - Level 4.0 Spellcasting
 - Level 6.0 Translocations
 - Level 8.0 Invocations
 - Level 13.0 Evocations


You had 28 spell levels left.
You knew the following spells:

 Your Spells              Type           Power        Failure   Level  Hunger
a - Blink                 Tloc           N/A          9%          2    ##.....


Dungeon Overview and Level Annotations

Branches:
Dungeon (15/15)            Temple (1/1) D:6            Lair (6/6) D:10
  Swamp (4/4) Lair:4        Snake (4/4) Lair:3        Slime (0/5) Lair:5
    Orc (2/2) D:12            Elf (0/3) Orc:2        Vaults (4/5) D:13
  Crypt (0/3) Vaults:2     Depths (3/5) D:15

Altars:
Ashenzari
Cheibriados
Dithmenos
Elyvilon
Fedhas
Gozag
Hepliaklqana
Kikubaaqudgha
Makhleb
Nemelex Xobeh
Okawaru
Qazlal
Ru
Sif Muna
Trog
Uskayaw
Vehumet
Wu Jian
Xom
Yredelemnul
Zin
The Shining One

Shops:
D:6 [=   D:12 (   D:15 *:?   Orc:2 (?*   Vaults:1 [   Vaults:4 [*[}

Portals:
Hell: Lair:6 Depths:1 Depths:2
Pandemonium: Depths:2

Annotations:
D:15 1 exclusion


Innate Abilities, Weirdness & Mutations

You have razor-sharp teeth.
You heal very quickly.
When hurt, damage is shared between your health and your magic reserves.
Your bite disrupts and absorbs the magic of your enemies.
Potions cannot restore your health.
You are immune to rotting.
Scrolls take you a little longer to read.
You expend magic power (3 MP) to strengthen your wands.


Message History

The tentacled monstrosity grabs you.
The tentacled monstrosity constricts you.
The quicksilver dragon misses you.
The quicksilver dragon closely misses you.
You begin reading the scroll.
You continue reading the scroll.
The quicksilver dragon misses you.
The quicksilver dragon claws you but does no damage.
You block the yaktaur captain's attack. You block the slime creature's attack.
The tentacled monstrosity tentacle-slaps you.
* * * LOW HITPOINT WARNING * * *
The tentacled monstrosity tentacle-slaps you but does no damage. x2
The tentacled monstrosity constricts you.
You block the quicksilver dragon's attack.
The quicksilver dragon completely misses you.
You block the yaktaur captain's attack.
The slime creature hits you but does no damage.
The tentacled monstrosity closely misses you.
The tentacled monstrosity completely misses you.
The tentacled monstrosity tentacle-slaps you but does no damage.
You die...

#..... #.........#
.....###.......##
##...)(.###.....
#....))..#......
#$.#).#.(# .#...
####..#### ...
#..#w.#..# #..#
#..DcJ(..# .....
##..@Xi.###.....
......###)......##
...... #.........#
.#..#. #..#(}.#..#
#.. ####.⌠.# ## #.
#.|.# ......
......# ..###....


You could see a tentacled monstrosity, a quicksilver dragon, a yaktaur captain,
a spriggan defender, a slime creature and a torpor snail shaped shifter.

Vanquished Creatures
  Mara (Snake:3)
  the Lernaean hydra (Swamp:4)
  Saint Roka (Snake:3)
  Nikola (Depths:2)
  the Enchantress (Depths:2)
  A bone dragon (Vaults:2)
  A tentacled monstrosity (Vaults:2)
  4 liches
  Jorgrun (Snake:3)
  Gastronok (D:8)
  3 thorn hunters
  2 storm dragons
  Roxanne (Swamp:2)
  3 fire giants
  2 tengu reavers
  The ghost of edsrzf the Severer, a journeyman DDBe of Trog (Snake:1)
  13 nagarajas
  6 frost giants
  An iron dragon (Depths:3)
  9 vault wardens
  Aizul (Snake:3)
  The ghost of yaymichael the Geomancer, a journeyman GrEE of Qazlal (Snake:2)
  8 ironheart preservers
  5 spriggan defenders
  15 stone giants
  14 very ugly things
  An entropy weaver (Vaults:4)
  2 vampire knights
  Nessos (D:15)
  Azrael (D:15)
  A lorocyproca (Depths:3)
  A deep elf death mage (Vaults:2)
  A minotaur (Lab)
  9 yaktaur captains
  5 ettins
  A deep elf high priest (Depths:3)
  6 fire dragons
  8 great orbs of eyes
  13 vault guards
  Josephine (Snake:1)
  Harold (Lair:3)
  34 naga warriors
  3 spriggan air magi
  5 rakshasas
  8 ice dragons
  A ghost crab (Swamp:3)
  Erolcha (D:11)
  25 hydras
  A catoblepas (D:15)
  8 anacondas
  14 ogre magi
  6 centaur warriors
  39 two-headed ogres
  2 dancing weapons (D:13)
  A vampire mage (Depths:3)
  6 tengu warriors
  A deep troll shaman (D:15)
  A death knight (Vaults:2)
  4 death yaks
  9 alligators
  5 deep troll earth magi
  5 orc high priests
  5 shock serpents
  Urug (D:11)
  16 naga sharpshooters
  Sonja (Lair:1)
  4 spriggan berserkers
  8 skeletal warriors
  A titan zombie (Vaults:4)
  Nergalle (D:10)
  2 deep elf knights
  A sixfirhy (Lair:6)
  A spriggan druid (Swamp:3)
  16 swamp dragons
  9 ironbrand convokers
  5 unseen horrors
  A salamander mystic (Snake:2)
  6 naga ritualists
  5 deep elf archers
  3 shambling mangroves
  The ghost of Caerwyn the Grappler, a novice TrFi of Okawaru (D:6)
  19 deep trolls
  9 wizards
  3 glowing orange brains
  A lindwurm (Lair:6)
  12 orc knights
  Pikel (D:5)
  A phantasmal warrior (D:15)
  6 harpies
  An orb spider (shapeshifter) (D:15)
  8 mana vipers
  2 orc sorcerers
  4 cyclopes
  4 wolf spiders
  3 necromancers
  5 deep elf magi
  A stone giant zombie (Vaults:4)
  39 ugly things
  34 black mambas
  A salamander (D:15)
  Maurice (D:11)
  A frost giant skeleton (Vaults:2)
  An elephant (shapeshifter) (Vaults:1)
  9 elephants
  17 naga magi
  A smoke demon (Lair:6)
  A stone giant skeleton (Vaults:2)
  14 vault sentinels
  2 ice statues
  4 guardian serpents
  A spiny frog (shapeshifter) (Vaults:2)
  An orange demon (Lair:6)
  A gargoyle (D:10)
  2 kobold demonologists (D:12)
  15 spiny frogs
  An efreet (D:14)
  29 yaktaurs
  A redback zombie (D:15)
  4 rime drakes
  4 ice devils
  10 komodo dragons
  3 freezing wraiths (Vaults:3)
  5 tengu conjurers
  A red devil (Lair:6)
  2 polar bears (shapeshifter)
  17 polar bears (IceCv)
  6 trolls
  A troll (shapeshifter) (Depths:3)
  2 tyrant leeches
  7 hornets
  A wind drake (shapeshifter) (D:14)
  A queen bee (D:9)
  Grinder (D:3)
  31 slime creatures
  2 bog bodies
  A stone giant simulacrum (Vaults:1)
  A hippogriff (shapeshifter) (Vaults:3)
  37 blink frogs
  A centaur simulacrum (D:15)
  2 tarantellas (shapeshifter)
  An ettin skeleton (Vaults:2)
  12 hippogriffs
  4 wraiths
  2 wyverns
  A redback (Vaults:4)
  Grum (D:8)
  2 shadows (D:15)
  2 vampires
  7 spriggans
  9 water elementals (Depths:2)
  51 yaks
  2 hungry ghosts
  3 fire elementals
  15 vampire mosquitoes
  A basilisk (Lair:5)
  Eustachio (D:5)
  17 swamp worms
  77 nagas
  12 insubstantial wisps
  4 wargs
  Edmund (D:4)
  2 acid dragons
  14 water moccasins
  3 floating eyes
  Duvessa (D:5)
  6 porcupines
  3 hornet zombies
  14 swamp drakes
  9 hell hounds
  A black bear (D:7)
  2 eyes of draining (D:15)
  3 ice beasts
  39 orc warriors
  A sky beast (D:5)
  2 phantoms
  A swamp drake (shapeshifter) (Depths:2)
  A necrophage (D:10)
  A slave (D:5)
  29 ogres
  10 boggarts
  16 wolves
  13 centaurs
  12 crocodiles
  A human skeleton (Vaults:4)
  4 big kobolds
  16 bullfrogs
  4 scorpions
  Dowan (D:5)
  4 jellies
  28 killer bees
  4 howler monkeys
  5 electric eels (Lair:6)
  10 crimson imps
  6 centaur zombies
  10 hounds
  A bullfrog zombie (D:6)
  3 quasits
  2 bullfrog skeletons
  21 orc wizards
  29 orc priests
  4 iguanas
  5 centaur skeletons
  3 iron imps (D:9)
  Jessica (D:3)
  9 worker ants
  A hound skeleton (D:10)
  2 hound zombies
  3 gnolls (D:4)
  13 adders
  2 shadow imps
  2 white imps (Lair:4)
  2 oozes
  2 adder skeletons
  2 worms (D:2)
  4 dart slugs
  6 leopard geckos
  87 orcs
  4 giant cockroaches
  2 goblins
  9 hobgoblins
  11 jackals
  25 kobolds
  5 quokkas
  3 bats (D:1)
  A leopard gecko skeleton (D:5)
  A leopard gecko zombie (D:8)
  A quokka skeleton (D:4)
  7 rats
  A briar patch (Swamp:2)
  A plant (D:10)
1588 creatures vanquished.

Vanquished Creatures (collateral kills)
  A naga mage (Snake:1)
1 creature vanquished.

Vanquished Creatures (others)
  An orc knight (Orc:2)
  A hungry ghost (D:15)
  A warg (Vaults:2)
  2 boggarts (Depths:1)
  A kobold (D:12)
  2 bushes (Lair:6)
  18 fungi
  17 plants
43 creatures vanquished.

Grand Total: 1632 creatures vanquished

Notes
Turn   | Place    | Note
-------+----------+-------------------------------------------
     0 | D:1      | TheGoonsmith the Vine Stalker Fighter began the quest for the Orb.
     0 | D:1      | Reached XP level 1. HP: 11/11 MP: 2/2
   141 | D:1      | Reached skill level 2 in Maces & Flails
   213 | D:1      | Reached XP level 2. HP: 16/16 MP: 3/3
   574 | D:1      | Reached XP level 3. HP: 20/20 MP: 4/4
  1009 | D:2      | Found an ornate altar of the Wu Jian Council.
  1214 | D:2      | Gained mutation: Your natural rate of healing is unusually fast. [Vine Stalker growth]
  1214 | D:2      | Reached XP level 4. HP: 24/24 MP: 5/5
  1588 | D:2      | Found a white marble altar of Elyvilon.
  2226 | D:3      | Noticed Jessica
  2234 | D:3      | Killed Jessica
  2345 | D:3      | Noticed Grinder
  2360 | D:3      | Killed Grinder
  2360 | D:3      | Reached skill level 3 in Maces & Flails
  2360 | D:3      | Reached XP level 5. HP: 8/29 MP: 4/6
  2360 | D:3      | Reached XP level 6. HP: 9/33 MP: 4/7
  2742 | D:4      | Noticed a phantom
  2777 | D:4      | Killed a phantom
  2863 | D:4      | Reached skill level 4 in Maces & Flails
  3047 | D:4      | Reached XP level 7. HP: 30/38 MP: 5/8
  3206 | D:4      | Noticed Edmund
  3234 | D:4      | Killed Edmund
  3291 | D:4      | Found a hazy altar of Hepliaklqana.
  3364 | D:4      | Reached skill level 5 in Fighting
  3364 | D:4      | Reached skill level 5 in Shields
  3514 | D:5      | Entered Level 5 of the Dungeon
  3525 | D:5      | Noticed Dowan
  3527 | D:5      | Noticed Duvessa
  3531 | D:5      | Killed Dowan
  3544 | D:5      | Killed Duvessa
  3544 | D:5      | Reached skill level 5 in Maces & Flails
  3590 | D:5      | Found an ancient bone altar of Kikubaaqudgha.
  3621 | D:5      | Noticed Pikel
  3634 | D:5      | Killed Pikel
  3634 | D:5      | Reached skill level 6 in Maces & Flails
  3634 | D:5      | Gained mutation: You have razor-sharp teeth. [Vine Stalker growth]
  3634 | D:5      | Reached XP level 8. HP: 17/43 MP: 3/9
  3757 | D:5      | Noticed Eustachio
  3763 | D:5      | Killed Eustachio
  3819 | D:5      | Found a radiant altar of Vehumet.
  3852 | D:5      | Reached XP level 9. HP: 43/47 MP: 10/10
  3903 | D:5      | Identified Vehumet's Guide on Arcane Weapons
  3907 | D:5      | Found a deep blue altar of Sif Muna.
  3984 | D:5      | Reached skill level 7 in Maces & Flails
  4180 | D:5      | Found a glowing silver altar of Zin.
  4490 | D:6      | Found a staircase to the Ecumenical Temple.
  4497 | Temple   | Entered the Ecumenical Temple
  4695 | D:6      | Found Byuq's Jewellery Emporium.
  4735 | D:6      | Noticed Caerwyn's ghost (novice TrFi)
  4745 | D:6      | Killed Caerwyn's ghost
  4745 | D:6      | Reached skill level 8 in Maces & Flails
  4811 | D:7      | Found a snail-covered altar of Cheibriados.
  4985 | D:7      | Reached skill level 9 in Maces & Flails
  4985 | D:7      | Reached XP level 10. HP: 51/51 MP: 11/11
  4994 | D:7      | Found a basalt altar of Yredelemnul.
  4994 | D:7      | Found a shadowy altar of Dithmenos.
  4995 | D:7      | Found a sparkling altar of Nemelex Xobeh.
  5020 | D:7      | Found an iron altar of Okawaru.
  5029 | D:7      | Became a worshipper of Warmaster Okawaru
  5434 | D:6      | Found Doitarau's Antique Armour Shop.
  6271 | D:8      | Reached skill level 10 in Maces & Flails
  6287 | D:8      | Noticed a two-headed ogre
  6300 | D:8      | Killed a two-headed ogre
  6300 | D:8      | Reached * piety under Okawaru
  6370 | D:8      | Noticed Grum
  6386 | D:8      | Killed Grum
  6439 | D:8      | Noticed Gastronok
  6454 | D:8      | Killed Gastronok
  6454 | D:8      | Reached ** piety under Okawaru
  6454 | D:8      | Reached *** piety under Okawaru
  6454 | D:8      | Reached skill level 11 in Maces & Flails
  6454 | D:8      | Reached XP level 11. HP: 51/55 MP: 12/12
  6610 | D:8      | Noticed a two-headed ogre
  6618 | D:8      | Killed a two-headed ogre
  6618 | D:8      | Reached skill level 10 in Shields
  6941 | D:9      | Found a burning altar of Makhleb.
  6956 | D:9      | Reached skill level 1 in Invocations
  7047 | D:9      | Reached **** piety under Okawaru
  7080 | D:9      | Noticed a two-headed ogre
  7098 | D:9      | Killed a two-headed ogre
  7200 | D:9      | Noticed a two-headed ogre
  7208 | D:9      | Killed a two-headed ogre
  7345 | D:9      | Found a glowing silver altar of Zin.
  7506 | D:9      | Found a bloodstained altar of Trog.
  7642 | D:10     | Entered Level 10 of the Dungeon
  7671 | D:10     | Found a staircase to the Lair.
  7690 | D:10     | Noticed Nergalle
  7713 | D:10     | Killed Nergalle
  7713 | D:10     | Received a gift from Okawaru
  7887 | D:10     | Reached ***** piety under Okawaru
  7887 | D:10     | Reached skill level 12 in Maces & Flails
  8218 | Lair:1   | Entered Level 1 of the Lair of Beasts
  8393 | Lair:1   | Gained mutation: You heal very quickly. [Vine Stalker growth]
  8393 | Lair:1   | Reached XP level 12. HP: 59/60 MP: 16/16
  8416 | Lair:1   | Reached skill level 5 in Invocations
  8675 | Lair:1   | You fall through a shaft!
  8873 | Lair:2   | Got a warped arbalest
  9217 | Lair:1   | Noticed Sonja
  9234 | Lair:1   | Killed Sonja
  9334 | Lair:1   | Received a gift from Okawaru
 10280 | Lair:3   | Found a staircase to the Snake Pit.
 10289 | Lair:3   | Reached skill level 13 in Maces & Flails
 10294 | Lair:3   | Noticed Harold
 10311 | Lair:3   | Killed Harold
 10715 | Lair:4   | Found a staircase to the Swamp.
 10782 | Lair:4   | Received a gift from Okawaru
 10807 | Lair:4   | Noticed a six-headed hydra
 10813 | Lair:4   | Killed a six-headed hydra
 10813 | Lair:4   | Reached XP level 13. HP: 41/63 MP: 16/19
 10918 | Lair:4   | Noticed an ice dragon
 10936 | Lair:4   | Killed an ice dragon
 11832 | Lair:5   | Got a pair of brightly glowing gloves
 11833 | Lair:5   | Identified the +2 pair of gloves "Areolyd" {MR++} (You found it on level 5 of the Lair of Beasts)
 12171 | Lair:5   | Found a staircase to the Slime Pits.
 12709 | Lair:6   | Entered Level 6 of the Lair of Beasts
 12808 | Lair:6   | Reached skill level 14 in Maces & Flails
 12860 | Lair:6   | Reached ****** piety under Okawaru
 12936 | Lair:6   | Received a gift from Okawaru
 13215 | Lair:6   | Found a shadowy altar of Dithmenos.
 13283 | Lair:6   | Reached XP level 14. HP: 63/68 MP: 18/21
 13420 | Lair:6   | Received a gift from Okawaru
 13835 | Lair:6   | Reached skill level 15 in Shields
 13873 | Lair:6   | Found a burning altar of Makhleb.
 13999 | Lair:6   | Reached skill level 1 in Evocations
 14069 | Lair:6   | Reached skill level 1 in Dodging
 14148 | Lair:6   | Found a gateway to Hell.
 14371 | D:11     | Found a labyrinth entrance.
 14380 | Lab      | Entered a labyrinth
 14719 | Lab      | Found the brooch of Shielding {Reflect SH+8}
 14740 | D:11     | Found a frozen archway.
 14748 | IceCv    | Entered an ice cave
 14838 | IceCv    | Got an iridescent flail
 14841 | IceCv    | Identified the +8 flail of the Wary Blessings {flame, rC+} (You found it in an ice cave)
 15126 | IceCv    | Noticed a frost giant
 15148 | IceCv    | Killed a frost giant
 15486 | D:11     | Noticed Maurice
 15495 | D:11     | Killed Maurice
 15495 | D:11     | Received a gift from Okawaru
 15498 | D:11     | Got a smoking eveningstar {god gift}
 15499 | D:11     | Identified the +8 eveningstar "Qucyzuchio" {antimagic, rElec rN+ Str-2} (Okawaru gifted it to you on level 11 of the Dungeon)
 15547 | D:11     | Noticed a sphinx
 15739 | D:11     | Noticed Urug
 15754 | D:11     | Killed Urug
 15754 | D:11     | Reached XP level 15. HP: 59/74 MP: 5/22
 15809 | D:11     | Noticed Erolcha
 15816 | D:11     | Killed Erolcha
 16195 | D:12     | Found a staircase to the Orcish Mines.
 16371 | D:12     | Found Ifag's Antique Weapon Boutique.
 16854 | Orc:1    | Entered Level 1 of the Orcish Mines
 17343 | Orc:2    | Entered Level 2 of the Orcish Mines
 17512 | Orc:2    | Found a staircase to the Elven Halls.
 17526 | Orc:2    | Received a gift from Okawaru
 17967 | Orc:1    | Reached skill level 5 in Armour
 18070 | Orc:2    | Received a gift from Okawaru
 18340 | Orc:2    | Found Itoxax's Weapon Shop.
 18340 | Orc:2    | Found Tahuj's Magic Scroll Shop.
 18341 | Orc:2    | Found Qoor's General Store.
 18341 | Orc:2    | Found Sez Piag's Jewellery Shop.
 18777 | D:6      | Bought a +5 ring of protection for 605 gold pieces
 18777 | D:6      | Bought the amulet of Linearity {Faith rF+ Int+5 Slay+6} for 986 gold pieces
 18820 | D:6      | Bought a steaming helmet for 218 gold pieces
 18821 | D:6      | Identified the +0 helmet of Ystueseu {rC+ Str+5} (You bought it in a shop on level 6 of the Dungeon)
 19074 | Orc:2    | Bought a scroll of teleportation for 39 gold pieces
 19077 | Orc:2    | Bought a scroll of teleportation for 51 gold pieces
 19261 | D:13     | Found a gate to the Vaults.
 19266 | D:13     | Reached skill level 5 in Evocations
 19436 | D:13     | Got a blackened chain mail
 19437 | D:13     | Identified the +2 chain mail "Orin" {+Fly rCorr Dex+2} (You found it on level 13 of the Dungeon)
 20026 | D:14     | Reached skill level 5 in Dodging
 20184 | D:14     | Found a shattered altar of Ashenzari.
 20302 | D:14     | Received a gift from Okawaru
 20305 | D:14     | Got a bone demon whip {god gift}
 20306 | D:14     | Identified the +3 demon whip of Starshine {freeze, Int+3} (Okawaru gifted it to you on level 14 of the Dungeon)
 20347 | D:14     | Reached skill level 15 in Maces & Flails
 20361 | D:14     | Reached XP level 16. HP: 76/81 MP: 7/23
 20804 | D:15     | Entered Level 15 of the Dungeon
 20804 | D:15     | Noticed Azrael
 20837 | D:15     | Killed Azrael
 20861 | D:15     | Paralysed by a floating eye for 3 turns
 20903 | D:15     | Noticed Nessos
 20919 | D:15     | Killed Nessos
 20919 | D:15     | Received a gift from Okawaru
 20928 | D:15     | Found Zion's Magic Scroll Shop.
 20940 | D:15     | Bought a scroll of summoning for 152 gold pieces
 20940 | D:15     | Bought a scroll of teleportation for 48 gold pieces
 20983 | D:15     | Got a bound lead ring
 21065 | D:15     | Found Henem's Book Shop.
 21090 | D:15     | Paralysed by a floating eye for 4 turns
 21141 | D:15     | Got an ancient silver ring
 21272 | D:15     | Found Arut's Assorted Antiques.
 21383 | D:15     | Got a sparkling lapis lazuli ring
 21419 | D:15     | Identified the ring of Tadiyvvu {Ice Dex+3} (You found it on level 15 of the Dungeon)
 21420 | D:15     | Identified the ring "Garrax" {rF+ Int+4} (You found it on level 15 of the Dungeon)
 21421 | D:15     | Identified the ring "Weakkora" {rPois rC+ Int+4 Dex+3} (You found it on level 15 of the Dungeon)
 21447 | D:15     | Received a gift from Okawaru
 21492 | D:15     | Noticed a storm dragon
 21501 | D:15     | Killed a storm dragon
 21595 | D:15     | Upgraded the game from 0.22-a0-99-g1ac4c55 to 0.22-a0-110-g5b255cf
 21657 | D:15     | Reached skill level 16 in Maces & Flails
 21719 | D:15     | Found a staircase to the Depths.
 21724 | D:15     | Received a gift from Okawaru
 22035 | Snake:1  | Entered Level 1 of the Snake Pit
 22057 | Snake:1  | Noticed Josephine
 22062 | Snake:1  | Reached XP level 17. HP: 88/88 MP: 8/24
 22065 | Snake:1  | Killed Josephine
 22321 | Snake:1  | Noticed edsrzf's ghost (journeyman DDBe)
 22357 | Snake:1  | Killed edsrzf's ghost
 22357 | Snake:1  | Received a gift from Okawaru
 22521 | Snake:1  | Reached skill level 10 in Fighting
 23135 | Snake:2  | Noticed yaymichael's ghost (journeyman GrEE)
 23150 | Snake:2  | Killed yaymichael's ghost
 23183 | Snake:2  | Received a gift from Okawaru
 23903 | Snake:3  | Noticed Mara
 23908 | Snake:3  | Noticed TheGoonsmith's illusion
 24096 | Snake:3  | Reached skill level 10 in Evocations
 24215 | Snake:3  | Noticed Saint Roka
 24233 | Snake:3  | Killed Saint Roka
 24344 | Snake:3  | Noticed Aizul
 24370 | Snake:3  | Killed Aizul
 24486 | Snake:3  | Received a gift from Okawaru
 24498 | Snake:3  | Reached XP level 18. HP: 84/98 MP: 26/26
 24685 | Snake:3  | Killed Mara
 24685 | Snake:3  | Received a gift from Okawaru
 24793 | Snake:3  | Noticed Jorgrun
 24803 | Snake:3  | Killed Jorgrun
 24976 | Snake:4  | Entered Level 4 of the Snake Pit
 25248 | Snake:4  | Received a gift from Okawaru
 26123 | Snake:4  | Received a gift from Okawaru
 26177 | Snake:4  | Reached skill level 10 in Armour
 26662 | Snake:4  | Reached XP level 19. HP: 98/102 MP: 27/27
 26732 | Snake:4  | Received a gift from Okawaru
 26755 | Snake:4  | Got a serpentine rune of Zot
 27024 | Lair:1   | Learned a level 2 spell: Blink
 27088 | Swamp:1  | Entered Level 1 of the Swamp
 27344 | D:15     | Bought a scroll of enchant weapon for 120 gold pieces
 27393 | D:15     | Bought a scroll of enchant weapon for 195 gold pieces
 27393 | D:15     | Bought a blackened ivory wand for 104 gold pieces
 27750 | Swamp:1  | Reached skill level 1 in Spellcasting
 27750 | Swamp:1  | Reached skill level 1 in Translocations
 28237 | Swamp:2  | Noticed Roxanne
 28261 | Swamp:2  | Killed Roxanne
 29130 | Swamp:3  | Reached skill level 10 in Dodging
 29221 | Swamp:3  | Reached skill level 5 in Translocations
 29619 | Swamp:4  | Entered Level 4 of the Swamp
 29654 | Swamp:4  | Got a bloodstained chain mail
 29655 | Swamp:4  | Identified the +8 chain mail of the Catamount {rPois rF+} (You found it on level 4 of the Swamp)
 29764 | Swamp:4  | Received a gift from Okawaru
 29778 | Swamp:4  | Got a pair of steaming boots {god gift}
 29780 | Swamp:4  | Got a faintly humming chain mail
 29793 | Swamp:4  | Identified the cursed +1 chain mail "Nudorgh" {rC+} (You found it on level 4 of the Swamp)
 29794 | Swamp:4  | Identified the +2 pair of boots "Cuudi" {-Tele *Slow rN+ Dex+7} (Okawaru gifted it to you on level 4 of the Swamp)
 29851 | Swamp:4  | Noticed the 27-headed Lernaean hydra
 29861 | Swamp:4  | Killed the 27-headed Lernaean hydra
 30157 | Swamp:4  | Got a decaying rune of Zot
 30243 | Swamp:4  | Reached XP level 20. HP: 107/107 MP: 28/28
 30719 | Vaults:1 | Entered Level 1 of the Vaults
 31037 | Vaults:1 | Found Relophi's Armour Boutique.
 31064 | Vaults:1 | Received a gift from Okawaru
 31069 | Vaults:1 | Got an ebony mace {god gift}
 31070 | Vaults:1 | Identified the +8 mace of Faez {flame, rElec} (Okawaru gifted it to you on level 1 of the Vaults)
 31531 | Vaults:1 | Gained mutation: Scrolls take you a little longer to read. [a shining eye]
 31533 | Vaults:1 | Gained mutation: You expend magic power (3 MP) to strengthen your wands. [a shining eye]
 31775 | Vaults:2 | Received a gift from Okawaru
 31981 | Vaults:2 | Noticed a bone dragon
 31991 | Vaults:2 | Killed a bone dragon
 31992 | Vaults:2 | Found a staircase to the Crypt.
 32424 | Vaults:2 | Received a gift from Okawaru
 32463 | Vaults:2 | Got a pair of faintly humming gloves {god gift}
 32467 | Vaults:2 | Identified the +1 pair of gloves of Amorality {rElec rF+ rN+ Int-5} (Okawaru gifted it to you on level 2 of the Vaults)
 32606 | Vaults:2 | Got a warped scale mail
 32609 | Vaults:2 | Identified the cursed +1 scale mail "Ziddib" {Regen+ rCorr Str-2 Int+4} (You found it on level 2 of the Vaults)
 32689 | Vaults:2 | Reached XP level 21. HP: 114/114 MP: 30/30
 33258 | Vaults:3 | Received a gift from Okawaru
 33263 | Vaults:3 | Got a polished plate armour {god gift}
 33266 | Vaults:3 | Identified the +1 plate armour of the True Pharaoh {rPois rC- Dex+2} (Okawaru gifted it to you on level 3 of the Vaults)
 34286 | Vaults:4 | Found Wemuiqur's Antique Armour Boutique.
 34288 | Vaults:4 | Found Jiqahiocu's General Store.
 34294 | Vaults:4 | Bought a faintly glowing chain mail for 313 gold pieces
 34296 | Vaults:4 | Identified the +3 chain mail "Maggubro" {+Fly} (You bought it in a shop on level 4 of the Vaults)
 34304 | Vaults:4 | Found Egoaq's Gadget Shoppe.
 34305 | Vaults:4 | Bought a scroll of enchant weapon for 127 gold pieces
 34305 | Vaults:4 | Bought a scroll of teleportation for 51 gold pieces
 34305 | Vaults:4 | Bought a potion of haste for 170 gold pieces
 34316 | Vaults:4 | Received a gift from Okawaru
 34379 | Vaults:4 | Found Qithoysk's Antique Armour Shoppe.
 34386 | Vaults:4 | Bought a pair of embroidered boots for 322 gold pieces
 35201 | Vaults:4 | Reached XP level 22. HP: 120/121 MP: 31/31
 35467 | Depths:1 | Entered Level 1 of the Depths
 35627 | Depths:1 | Found a gateway to a bazaar.
 35635 | Bazaar   | Entered a bazaar
 35635 | Bazaar   | Found Ivigheych's Distillery.
 35635 | Bazaar   | Found Zuytuliul's Magic Scroll Shop.
 35635 | Bazaar   | Found Fycselis's Food Shoppe.
 35637 | Bazaar   | Found Vaumy's Food Emporium.
 35637 | Bazaar   | Found Wely's Magic Scroll Shop.
 35670 | Bazaar   | Bought a scroll of enchant weapon for 97 gold pieces
 35670 | Bazaar   | Bought a scroll of enchant armour for 97 gold pieces
 35670 | Bazaar   | Bought a scroll of teleportation for 39 gold pieces
 35675 | Bazaar   | Bought a scroll of blinking for 135 gold pieces
 35675 | Bazaar   | Bought a scroll of identify for 36 gold pieces
 35825 | Depths:1 | Found a glowing golden altar of the Shining One.
 35915 | Depths:1 | Received a gift from Okawaru
 36347 | Depths:1 | Found a runed door.
 36605 | Depths:1 | Received a gift from Okawaru
 36760 | Depths:2 | Noticed the Enchantress
 36774 | Depths:2 | Killed the Enchantress
 36775 | Depths:2 | Reached skill level 15 in Fighting
 36876 | Depths:2 | Noticed Nikola
 36898 | Depths:2 | Killed Nikola
 36898 | Depths:2 | Received a gift from Okawaru
 36906 | Depths:2 | Got a pair of pitted boots {god gift}
 36909 | Depths:2 | Identified the +0 pair of boots of the Oligarchy {Dex+3 SInv} (Okawaru gifted it to you on level 2 of the Depths)
 37326 | Depths:2 | Found a one-way gate leading to the halls of Pandemonium.
 37637 | Depths:3 | Reached skill level 1 in Short Blades
 37656 | Depths:3 | Reached XP level 23. HP: 94/126 MP: 33/33
 37732 | Depths:3 | Reached skill level 5 in Short Blades
 37760 | Depths:3 | HP: 5/126 [yaktaur captain (4)]
 37764 | Depths:3 | Slain by a tentacled monstrosity

Vault maps used:
D:1:      dpeg_arrival_water_temple_mockup
D:2:      elyvilon_altar_4, lemuel_crystal_altar
D:3:      uniq_grinder, uniq_jessica
D:4:      kennysheep_mini_moat, uniq_edmund
D:5:      grunt_temple_overflow_magic_moments, zin_scriptorium, first_ration,
          grunt_ministairs_1, uniq_pikel, uniq_duvessa, uniq_eustachio
D:6:      minmay_temple_entry_glassed_door, serial_shops,
          nicolae_shop_competitors_out_of_business, kennysheep_small_square
D:7:      gammafunk_temple_overflow_claw, okawaru_gym_becter,
          lemuel_crystal_altar
D:8:      uniq_grum, uniq_gastronok
D:9:      demons_altar, serial_glass, glass_columns_b, glass_columns_c,
          glass_columns_c, glass_columns_a, glass_columns_a, glass_columns_c,
          basic_altar, david_nohive_1, trog_butcher_becter
D:10:     dpeg_oklobed_lair, uniq_nergalle
D:11:     lab_entry_generic, portal_ice_cave_entry_pillars_2,
          corexii_hall_statues_deadend, onia_ninara_dug_in_and_dangerous,
          uniq_urug, uniq_maurice, uniq_erolcha
D:12:     minmay_orc_entry_guard_dogs, serial_shops, shop
D:13:     erik_vaults_1, item_on_display_a
D:14:     nicolae_ashenzari_panopticon
D:15:     hangedman_spin_cycle, uniq_nessos, uniq_azrael
Temple:   nicolae_temple_figure_zero
Lair:1:   uniq_sonja
Lair:3:   minmay_snake_entry_spellcaster, uniq_harold
Lair:4:   swamp_mist, nicolae_lair_grove_arrangements, bobbens_ice_dragon_lair,
          lemuel_fruit_tree
Lair:5:   minmay_slime_entry_pillars, st_stairs_3
Lair:6:   evil_forest, basic_altar, serial_bayou_lagoon_b,
          infiniplex_staircase_pool
Swamp:1:  nicolae_swamp_round_clearing
Swamp:2:  evilmike_swamp_ruin_rubble_2, uniq_roxanne
Swamp:3:  evilmike_swamp_ruin_house_6
Swamp:4:  swamp_old_school, swamp_pool4
Snake:1:  grunt_megastairs_3, uniq_josephine
Snake:3:  nrook_loot_triangle, uniq_mara, uniq_jorgrun, uniq_aizul,
          uniq_saint_roka
Snake:4:  grunt_snake_rune_spirals, st_stairs_11
Orc:2:    st_orc_pillars
Vaults:1: nicolae_vaults_theta, grunt_vaults_twisty, nicolae_vaults_alarming,
          vaults_dpeg_ring, vaults_room_grunt_arrival_checkpoint,
          ontoclasm_vaults_twist, ontoclasm_vaults_eye, v_rooms_6,
          vaults_room_door_hall, grunt_vaults_focal,
          nicolae_vaults_little_squares_4, vaults_room_hallway,
          nicolae_vaults_murderbox, serial_shops,
          nicolae_shop_competitors_out_of_business
Vaults:2: v_misc_11, grunt_vaults_bifocal, minmay_crypt_entry_nasty_monster,
          grunt_vaults_funneled_arena, vaults_room_stairs_pillars,
          vaults_mumra_minichess
Vaults:3: hangedman_vaults_variations, vaults_mumra_lcd, v_misc_16, v_misc_5,
          grunt_vaults_trifunnel, vaults_room_hangedman_quadrants,
          hangedman_vaults_hat, hangedman_vaults_nails, vaults_mumra_hex
Vaults:4: v_rooms_1, nicolae_vaults_border_crossing, v_misc_5,
          ontoclasm_vaults_ligature, vaults_room_pool, serial_shops,
          shop_statue, shop, nicolae_shop_trees, nicolae_shop_statue_plus
Depths:1: kennysheep_blocky_hall, tso_altar, serial_shops, statue_bzr,
          grunt_hell_entry_dis_old, minmay_hidden_floor
Depths:2: minmay_ornate_pinched, rand_demon_pan_entry_5, nicolae_water_bricks,
          hangedman_coc_ice_floe, feat_on_display, uniq_nikola, uniq_enchantress
Depths:3: hangedman_cross_cluster, rand_demon_pan_entry_4, hell_entry,
          nrook_kobold_shadow_demons, infiniplex_staircase_zigzag_1
Bazaar:   bazaar_minmay_generic_island
IceCv:    ice_cave_caverns_03

Skill      XL: |  1  2  3  4  5  6  7  8  9 10 11 12 13 14 15 16 17 18 19 20 21 22 23 |
---------------+----------------------------------------------------------------------+-----
Maces & Flails | 2 3 4 6 9 11 12 13 14 15 16 | 16.0
Shields        | 3 4 6 7 8 9 10 12 14 15 | 15.0
Fighting       | 3 4 5 6 7 9 12 13 14 15 | 15.0
Invocations    | 4 7 8 |  8.0
Evocations     | 3 5 7 10 11 13 | 13.0
Dodging        | 3 5 8 10 11 12 14 | 14.0
Armour         | 4 5 7 8 10 11 12 13 14 | 14.0
Spellcasting   | 4 |  4.0
Translocations | 6 |  6.0
Short Blades   | 2 5 |  5.2

Action                   |  1- 3 |  4- 6 |  7- 9 | 10-12 | 13-15 | 16-18 | 19-21 | 22-24 || total
-------------------------+-------+-------+-------+-------+-------+-------+-------+-------++-------
Melee: Flail             |    95 |    67 |   239 |   702 |   864 |       |       |       ||  1967
       Bite              |    27 |    21 |    79 |   229 |   572 |   533 |   748 |   290 ||  2499
       Eveningstar       |       |       |       |       |   625 |   660 |       |       ||  1285
       Demon whip        |       |       |       |       |       |   440 |  1273 |   513 ||  2226
Throw: Javelin           |       |     6 |       |     6 |       |       |       |       ||    12
 Cast: Blink             |       |       |       |       |       |       |       |     2 ||     2
Invok: Heroism           |       |       |       |     3 |     8 |     7 |     1 |       ||    19
       Finesse           |       |       |       |     1 |     3 |     5 |     1 |       ||    10
Evoke: Wand              |       |       |       |       |     4 |     9 |     1 |     4 ||    18
       Sack of spiders   |       |       |       |       |       |     1 |       |       ||     1
       Lamp of fire      |       |       |       |       |       |     1 |       |     1 ||     2
  Use: Scroll            |     2 |     8 |     6 |    11 |    14 |    12 |    15 |     6 ||    74
       Potion            |       |     1 |     2 |       |     1 |     1 |       |       ||     5
 Stab: Distracted        |       |       |       |       |       |     2 |       |       ||     2
  Eat: Chunk             |     1 |     1 |    13 |    23 |    21 |     8 |    19 |     7 ||    93
       Ration            |       |     1 |     1 |       |     1 |     4 |     3 |       ||    10
Armor: Scale mail        |    37 |    14 |    86 |    33 |       |       |       |       ||   170
       Plate armour      |       |       |       |   236 |   467 |   151 |       |       ||   854
       Ice dragon scales |       |       |       |       |    47 |       |       |       ||    47
       Chain mail        |       |       |       |       |       |   136 |   327 |   154 ||   617
Dodge: Dodged            |    34 |    12 |    61 |   117 |   291 |   246 |   320 |   177 ||  1258
Block: Shield            |    45 |    24 |   135 |   446 |  1211 |   690 |   746 |   386 ||  3683
       Reflection        |       |       |       |       |    23 |       |       |       ||    23

Table legend:
 A = Spawn XP
 B = Non-spawn XP
 C = Spawn XP percentage of total XP
 D = Spawn monster count
 E = Non-spawn monster count
 F = Spawn count percentage of total count
 G = Total turns spent on level
                    A         B        C        D         E        F      G
               +---------+---------+-------+---------+---------+-------+---------
         Total |       0 |  726215 |   0.0 |       0 |    1589 |   0.0 | 37764
               +---------+---------+-------+---------+---------+-------+---------
           D:1 |       0 |      42 |   0.0 |       0 |      22 |   0.0 |   680
           D:2 |       0 |      53 |   0.0 |       0 |      18 |   0.0 |  1146
           D:3 |       0 |     366 |   0.0 |       0 |       7 |   0.0 |   898
           D:4 |       0 |     505 |   0.0 |       0 |      18 |   0.0 |   790
           D:5 |       0 |    1764 |   0.0 |       0 |      28 |   0.0 |   931
           D:6 |       0 |    1659 |   0.0 |       0 |      31 |   0.0 |   783
           D:7 |       0 |     922 |   0.0 |       0 |      19 |   0.0 |   758
           D:8 |       0 |    5078 |   0.0 |       0 |      25 |   0.0 |   879
           D:9 |       0 |    4500 |   0.0 |       0 |      48 |   0.0 |   870
          D:10 |       0 |    2114 |   0.0 |       0 |      23 |   0.0 |   725
          D:11 |       0 |    3949 |   0.0 |       0 |      22 |   0.0 |   993
          D:12 |       0 |    6309 |   0.0 |       0 |      50 |   0.0 |   976
          D:13 |       0 |    8171 |   0.0 |       0 |      20 |   0.0 |   636
          D:14 |       0 |   16685 |   0.0 |       0 |      42 |   0.0 |  1047
          D:15 |       0 |   46488 |   0.0 |       0 |      86 |   0.0 |  1182
        Lair:1 |       0 |    8029 |   0.0 |       0 |      35 |   0.0 |  1218
        Lair:2 |       0 |    2267 |   0.0 |       0 |       9 |   0.0 |   862
        Lair:3 |       0 |    4124 |   0.0 |       0 |      12 |   0.0 |  1069
        Lair:4 |       0 |    9062 |   0.0 |       0 |      28 |   0.0 |  1125
        Lair:5 |       0 |    2773 |   0.0 |       0 |      12 |   0.0 |   928
        Lair:6 |       0 |   26831 |   0.0 |       0 |      83 |   0.0 |  1563
       Swamp:1 |       0 |    5153 |   0.0 |       0 |      11 |   0.0 |   639
       Swamp:2 |       0 |   14740 |   0.0 |       0 |      36 |   0.0 |   771
       Swamp:3 |       0 |   18456 |   0.0 |       0 |      42 |   0.0 |   736
       Swamp:4 |       0 |   30788 |   0.0 |       0 |      47 |   0.0 |   907
       Snake:1 |       0 |   21942 |   0.0 |       0 |      43 |   0.0 |   928
       Snake:2 |       0 |   20857 |   0.0 |       0 |      37 |   0.0 |   891
       Snake:3 |       0 |   37634 |   0.0 |       0 |      54 |   0.0 |   997
       Snake:4 |       0 |   69314 |   0.0 |       0 |     106 |   0.0 |  1916
         Orc:1 |       0 |    3594 |   0.0 |       0 |      34 |   0.0 |   908
         Orc:2 |       0 |   11667 |   0.0 |       0 |      71 |   0.0 |  1055
      Vaults:1 |       0 |   29477 |   0.0 |       0 |      42 |   0.0 |   958
      Vaults:2 |       0 |   70409 |   0.0 |       0 |      98 |   0.0 |  1430
      Vaults:3 |       0 |   68182 |   0.0 |       0 |      87 |   0.0 |  1179
      Vaults:4 |       0 |   27913 |   0.0 |       0 |      40 |   0.0 |  1134
      Depths:1 |       0 |   46013 |   0.0 |       0 |      64 |   0.0 |  1210
      Depths:2 |       0 |   48726 |   0.0 |       0 |      52 |   0.0 |   844
      Depths:3 |       0 |   35921 |   0.0 |       0 |      38 |   0.0 |   196
           Lab |       0 |    1098 |   0.0 |       0 |       1 |   0.0 |   349
         IceCv |       0 |   12640 |   0.0 |       0 |      48 |   0.0 |   482
               +---------+---------+-------+---------+---------+-------+---------
